 Dungeon Crawl Stone Soup version 0.31-a0-339-gda1cbd555d (webtiles) character file.

Game seed: 1873768473683178220

6239034 RepHenryClay the Conqueror (level 27, 273/273 HPs)
             Began as a Hill Orc Fighter on July 19, 2023.
             Was the Champion of Qazlal.
             Escaped with the Orb
             ... and 8 runes on July 21, 2023!
             The game lasted 03:00:21 (78149 turns).

RepHenryClay the Conqueror (Hill Orc Fighter)      Turns: 78149, Time: 03:00:22

Health: 273/273    AC: 40    Str: 29    XL:     27
Magic:  40/40      EV: 24    Int: 14    God:    Qazlal [******]
Gold:   6408       SH: 51    Dex: 18    Spells: 22/26 levels left

rFire   + + .        a - +4 consecrated labrys {holy, Valiant Fragile Fly SInv}
rCold   + + .        i - +13 tower shield of the Guild-Master {*Corrode rPois rN+}
rNeg    + + .        B - +6 pearl dragon scales
rPois   +            m - +2 hat {SInv}
rElec   .            U - +2 cloak {Will+}
rCorr   +            E - +2 pair of gloves
SInv    +            p - +0 pair of boots "Ginlaamm" {+Inv Regen+ Int+4}
Will    ++++.        l - amulet of Awe {Reflect Regen+ Dex+4 SH+5} Stlth
                     j - ring "Jaal" {rF+ Will+ Int+2}
HPRegen 2.25/turn    Y - ring of the Lusting Ancients {Contam rF+ rC++ rCorr Slay+5}
MPRegen 0.27/turn

%: corrode self (3%), repel missiles, reflection
@: magic-sapped, flying, studying 2 skills
A: horns 1, deterioration 1, wild magic 2
0: Orb of Zot
}: 8/15 runes: barnacled, slimy, silver, abyssal, demonic, magical, dark,
gossamer
a: Renounce Religion, Evoke Invisibility, Upheaval, Elemental Force, Disaster
Area


You escaped.
You worshipped Qazlal.
Qazlal was exalted by your worship.
You visited 13 branches of the dungeon, and saw 57 of its levels.
You visited Pandemonium 1 time, and saw 10 of its levels.
You visited the Abyss 7 times.
You also visited: Bailey, Gauntlet and Wizlab.

You collected 9918 gold pieces.
You spent 3510 gold pieces at shops.

Inventory:

Hand Weapons
 a - the +4 consecrated labrys (weapon) {holy, Valiant Fragile Fly SInv}
   (You took it off a deep elf death mage on level 3 of the Elven Halls)

   Valiant:   It becomes more powerful as more dangerous foes come into view.
   SInv:      It lets you see invisible.
   Fly:       It grants you flight.
   Fragile:   It will be destroyed if unequipped.
 o - a +6 battleaxe of freezing
Missiles
 M - 9 throwing nets
Armour
 g - a scarf of resistance
 i - the +13 tower shield of the Guild-Master (worn) {*Corrode rPois rN+}
   (You found it on level 5 of the Vaults)

   rPois:     It protects you from poison.
   rN:        It protects you from negative energy.
   *Corrode:  It may corrode you when you take damage.
 m - a +2 hat of see invisible (worn)
 p - the +0 pair of boots "Ginlaamm" (worn) {+Inv Regen+ Int+4}
   (You found it in a wizard's laboratory)

   Int:       It affects your intelligence (+4).
   +Inv:      It lets you turn invisible.
   Regen:     It increases your rate of health regeneration.
 v - a +1 pair of boots of flying
 B - +6 pearl dragon scales (worn)
 D - a +2 kite shield of reflection
 E - a +2 pair of gloves (worn)
 I - a +2 cloak of poison resistance
 U - a +2 cloak of willpower (worn)
 V - a +0 tower shield of protection
Jewellery
 j - the ring "Jaal" (left hand) {rF+ Will+ Int+2}
   (You found it on level 3 of the Crypt)

   [ring of willpower]

   Int:       It affects your intelligence (+2).
   rF:        It protects you from fire.
   Will:      It increases your willpower.
 l - the amulet of Awe (around neck) {Reflect Regen+ Dex+4 SH+5}
   (You found it on level 5 of the Pits of Slime)

   [amulet of reflection]

   It reflects blocked missile attacks.
   Dex:       It affects your dexterity (+4).
   Regen:     It increases your rate of health regeneration.
   SH:        It affects your SH (+5).
 r - an amulet of regeneration
 w - the necklace of Bloodlust {Fury *Rage Will++ Int-3 Slay+6}
   (You bought it in a shop on level 2 of the Orcish Mines)

   [amulet of nothing]

   Fury:      It extends the wearer's berserk rage when killing foes.
   Int:       It affects your intelligence (-3).
   Slay:      It affects your accuracy & damage with ranged weapons and melee
   (+6).
   *Rage:     It berserks you when you make melee attacks (+50% chance).
   Will:      It greatly increases your willpower.
 J - the ring "Gofun" {+Blink rN++ EV+5 Int-5}
   (You found it in a Gauntlet)

   [ring of evasion]

   EV:        It affects your evasion (+5).
   Int:       It affects your intelligence (-5).
   rN:        It greatly protects you from negative energy.
   +Blink:    It lets you blink.
 P - a ring of wizardry
 R - the ring of the Trout {rPois Str+3 Dex+6}
   (You found it in a Gauntlet)

   [ring of dexterity]

   Str:       It affects your strength (+3).
   Dex:       It affects your dexterity (+6).
   rPois:     It protects you from poison.
 X - the ring "Wioll" {Wiz rN+ Int+2}
   (You found it in a Gauntlet)

   [ring of wizardry]

   It improves your spell success rate.
   Int:       It affects your intelligence (+2).
   rN:        It protects you from negative energy.
 Y - the ring of the Lusting Ancients (right hand) {Contam rF+ rC++ rCorr Slay+5}
   (You found it in a Gauntlet)

   [ring of protection from fire]

   Slay:      It affects your accuracy & damage with ranged weapons and melee
   (+5).
   rF:        It protects you from fire.
   rC:        It greatly protects you from cold.
   Contam:    It causes magical contamination when unequipped.
   rCorr:     It protects you from acid and corrosion.
 Z - the ring "Ennick" {Drain rElec rCorr Stlth+}
   (You found it on level 4 of the Shoals)

   [ring of resist corrosion]

   rElec:     It insulates you from electricity.
   rCorr:     It protects you from acid and corrosion.
   Drain:     It drains your maximum health when unequipped.
   Stlth:     It makes you more stealthy.
Wands
 b - a wand of acid (32)
 A - a wand of mindburst (81)
 G - a wand of roots (44)
 N - a wand of charming (66)
 W - a wand of digging (11)
Scrolls
 e - 3 scrolls of brand weapon
 f - 21 scrolls of teleportation
 h - 6 scrolls of revelation
 k - 8 scrolls of blinking
 n - 6 scrolls of poison
 s - a scroll of enchant weapon
 K - 8 scrolls of fear
 L - 8 scrolls of butterflies
 T - a scroll of fog
Potions
 c - 4 potions of attraction
 d - 2 potions of might
 q - 6 potions of heal wounds
 t - 6 potions of enlightenment
 x - 22 potions of curing
 y - 2 potions of ambrosia
 z - 3 potions of berserk rage
 C - 7 potions of haste
 H - 5 potions of cancellation
 O - 4 potions of invisibility
 Q - 7 potions of resistance
 S - 3 potions of magic
Miscellaneous
 F - a lightning rod (4/4)


   Skills:
 O Level 27 Fighting
 - Level 21.1 Axes
 O Level 27 Armour
 - Level 22.0 Dodging
 + Level 25.4 Shields
 - Level 7.5 Translocations
 O Level 27 Invocations
 - Level 14.4 Evocations


You had 22 spell levels left.
You knew the following spells:

 Your Spells              Type           Power      Damage    Failure   Level
a - Blink                 Tloc           66%        N/A       9%          2
b - Lesser Beckoning      Tloc           66%        N/A       9%          2

Your spell library contained the following spells:

 Spells                   Type           Power      Damage    Failure   Level
 Apportation              Tloc           66%        N/A       7%          1
 Gell's Gravitas          Tloc           33%        N/A       14%         3
 Teleport Other           Tloc           33%        N/A       14%         3
 Momentum Strike          Conj/Tloc      32%        3d8       30%         2
 Portal Projectile        Hex/Tloc       32%        N/A       47%         3
 Vhi's Electric Charge    Tloc/Air       32%        N/A       47%         3
 Volatile Blastmotes      Fire/Tloc      32%        2d12      47%         3
 Freeze                   Ice            0%         1d3       61%         1
 Kiss of Death            Conj/Necr      0%         2d5       61%         1
 Magic Dart               Conj           0%         1d3       61%         1
 Necrotise                Necr           0%         1d4       61%         1
 Shock                    Conj/Air       0%         1d3       61%         1
 Summon Small Mammal      Summ           0%         N/A       61%         1
 Call Imp                 Summ           0%         N/A       73%         2
 Cigotuvi's Dreadful Rot  Necr/Pois/Air  0%         N/A       73%         2
 Ensorcelled Hibernation  Hex/Ice        0%         N/A       73%         2
 Passwall                 Tmut/Erth      0%         N/A       73%         2
 Scorch                   Fire           0%         2d5       73%         2
 Searing Ray              Conj           0%         2d4       73%         2
 Iskenderun's Mystic Bla  Conj/Tloc      16%        2d5       83%         4
 Call Canine Familiar     Summ           0%         N/A       90%         3
 Confusing Touch          Hex            0%         N/A       90%         3
 Dazzling Flash           Conj/Hex       0%         N/A       90%         3
 Frozen Ramparts          Ice            0%         1d1       90%         3
 Hailstorm                Conj/Ice       0%         3d3       90%         3
 Ignite Poison            Fire/Tmut/Pois 0%         N/A       90%         3
 Inner Flame              Hex/Fire       0%         N/A       90%         3
 Mephitic Cloud           Conj/Pois/Air  0%         N/A       90%         3
 Ozocubu's Armour         Ice            0%         N/A       90%         3
 Stone Arrow              Conj/Erth      0%         3d7       90%         3
 Summon Guardian Golem    Hex/Summ       0%         N/A       90%         3
 Swiftness                Air            0%         N/A       90%         3
 Tukima's Dance           Hex            0%         N/A       90%         3
 Vampiric Draining        Necr           0%         2d6       90%         3
 Summon Forest            Summ/Tloc      8%         N/A       98%         5
 Dispersal                Tloc           16%        N/A       99%         6
 Airstrike                Air            0%         2d(0-16)  100%        4
 Anguish                  Hex/Necr       0%         N/A       100%        4
 Animate Dead             Necr           0%         N/A       100%        4
 Cause Fear               Hex            0%         N/A       100%        4
 Dispel Undead            Necr           0%         3d6       100%        4
 Flame Wave               Conj/Fire      0%         2d4       100%        4
 Fulminant Prism          Conj/Hex       0%         3d5       100%        4
 Leda's Liquefaction      Hex/Erth       0%         N/A       100%        4
 Olgreb's Toxic Radiance  Pois           0%         N/A       100%        4
 Petrify                  Tmut/Erth      0%         N/A       100%        4
 Sticky Flame             Conj/Fire      0%         2d3       100%        4
 Summon Ice Beast         Ice/Summ       0%         N/A       100%        4
 Agony                    Necr           0%         N/A       100%        5
 Alistair's Intoxication  Tmut/Pois      0%         N/A       100%        5
 Arcjolt                  Conj/Air       0%         1d10      100%        5
 Borgnjor's Vile Clutch   Necr/Erth      0%         N/A       100%        5
 Freezing Cloud           Conj/Ice/Air   0%         6-21      100%        5
 Iskenderun's Battlesphe  Conj           0%         2d6       100%        5
 Lee's Rapid Deconstruct  Erth           0%         3d4*      100%        5
 Metabolic Englaciation   Hex/Ice        0%         N/A       100%        5
 Summon Mana Viper        Hex/Summ       0%         N/A       100%        5
 Yara's Violent Unravell  Hex/Tmut       0%         3d3       100%        5
 Death Channel            Necr           0%         N/A       100%        6
 Eringya's Noxious Bog    Tmut/Pois      0%         4d6       100%        6
 Leda's Unmaking          Conj/Erth      0%         9d1       100%        6
 Simulacrum               Ice/Necr       0%         N/A       100%        6
 Starburst                Conj/Fire      0%         6d3       100%        6
 Summon Cactus Giant      Summ           0%         N/A       100%        6
 Enfeeble                 Hex            0%         N/A       100%        7
 Haunt                    Necr/Summ      0%         N/A       100%        7
 Monstrous Menagerie      Summ           0%         N/A       100%        7
 Ozocubu's Refrigeration  Ice            0%         4d7       100%        7
 Spellforged Servitor     Conj/Summ      0%         N/A       100%        7
 Summon Hydra             Summ           0%         N/A       100%        7
 Borgnjor's Revivificati  Necr           0%         N/A       100%        8
 Discord                  Hex            0%         N/A       100%        8
 Ignition                 Fire           0%         3d3       100%        8
 Infestation              Necr           0%         N/A       100%        8
 Maxwell's Capacitive Co  Air            0%         ∞         100%        8
 Death's Door             Necr           0%         N/A       100%        9
 Fire Storm               Conj/Fire      0%         5d1       100%        9
 Polar Vortex             Ice            0%         N/A       100%        9


Dungeon Overview and Level Annotations

Branches:
Dungeon (15/15)            Temple (1/1) D:7            Lair (5/5) D:8
 Shoals (4/4) Lair:2       Spider (4/4) Lair:2        Slime (5/5) Lair:4
    Orc (2/2) D:11            Elf (3/3) Orc:2        Vaults (5/5) D:14
  Crypt (3/3) Vaults:2       Tomb (0/3) Crypt:3      Depths (4/4) D:15
   Hell (visited)             Dis (0/7) Hell            Geh (0/7) Hell
    Coc (0/7) Hell            Tar (0/7) Hell            Zot (5/5) Depths:4
 Bailey (visited)          WizLab (visited)         Gauntlet (visited)

Altars:
Ashenzari
Cheibriados
Dithmenos
Elyvilon
Fedhas
Gozag
Hepliaklqana
Kikubaaqudgha
Makhleb
Nemelex Xobeh
Okawaru
Qazlal
Ru
Sif Muna
Trog
Uskayaw
Vehumet
Wu Jian
Xom
Yredelemnul
Zin
The Shining One
Beogh
Jiyva

Shops:
D:1 :   D:7 (   Orc:2 =(*(   Elf:3 (   Shoals:4 ?   Vaults:1 =   Vaults:2 [
Vaults:4 ([   Zot:1 *

Portals:
Hell: Depths:1 Depths:2 Depths:3 Depths:4
Abyss: Depths:1 Depths:2 Depths:3
Pandemonium: Depths:2 Depths:3
Ziggurat: Depths:4

Annotations:
D:2 zf runed translucent door good cloak
D:5 3 runed translucent doors, 1 exclusion, MrSquiggles's ghost, amateur OgSu
Shoals:1 1 runed translucent door, LobsterGuardian's ghost, adept DrCj
Shoals:3 Roxanne


Innate Abilities, Weirdness & Mutations

You have a pair of small horns on your head.
Your body sometimes deteriorates upon taking damage.
Your spells are harder to cast, but more powerful.


Message History

You headbutt the demonspawn blood saint.
The demonspawn blood saint is lightly wounded.
You slash the bush! You block the reaper's attack.
You block the demonspawn blood saint's attack.
You slice the demonspawn blood saint!!
The demonspawn blood saint convulses!
The demonspawn blood saint is heavily wounded.
You hit the bush. You block the reaper's attack.
The demonspawn blood saint hits you with a +0 dagger.
You are engulfed in flames!
You resist.
Damage: -3%(-10hp) hp: 97%(263hp)
You block the reaper's attack.
Items here: )) [ †.
You slice the reaper!!
The reaper convulses!!
The reaper is severely wounded.
You completely miss the bush. You hit the demonspawn blood saint.
The demonspawn blood saint convulses.
You slash the reaper!
The reaper convulses!
The reaper is almost dead.
You hit the bush but do no damage.
You barely miss the demonspawn blood saint.
You block the reaper's attack.
You block the demonspawn blood saint's attack.
You slice the reaper!!
You kill the reaper!
Qazlal accepts your kill.
You hit the demonspawn blood saint but do no damage.
You slice the bush!!
You block the demonspawn blood saint's attack.
You closely miss the demonspawn blood saint.
Your headbutt misses the demonspawn blood saint.
The demonspawn blood saint is heavily wounded.
You slash the bush!
You block the demonspawn blood saint's attack.
You slice the demonspawn blood saint!!
The demonspawn blood saint convulses!
You kill the demonspawn blood saint!
Qazlal accepts your kill.
You hit the bush but do no damage.
No target in view!
There is a staircase leading out of the dungeon here.
You have escaped!

#.# #......###...#........# ### ..#
#.##.#.###............#####..
#.#####.##†#..##...#######.........
...)....#.....######### ##.#####.#
#####........########### #.# #.# #
#####....##⌠..#♣.♣## #.# #.. #
##.#.+...§#...## #.# ### #
#.#.##P..#..⌠#####.# #
#.#.'..°@#>._⌠#....# #
#.#.##P.○#..⌠#######
##########.#.')§)○#...##
...........#.##⌠..#♣.♣##
##########...########### #
#.#..######### ### ## #.#..# #.#
##.. .# #.#### #.# #... .## #.# #.#
#...


There were no monsters in sight!

Vanquished Creatures
  the Royal Jelly (Slime:5)
  Gloorx Vloq (Pan)
  Lom Lobon (Pan)
  4 dread liches
  Mara (Depths:1)
  7 ancient liches
  5 orbs of fire
  2 juggernauts
  Josephina (Depths:3)
  Boris (thrice) (Vaults:2 Vaults:5 Depths:4)
  Parghit (Zot:1)
  Bai Suzhen (Vaults:3)
  4 Killer Klowns
  Saint Roka (Vaults:2)
  2 caustic shrikes (Depths:2)
  4 curse toes
  Geryon (Hell)
  Nikola (Spider:2)
  10 golden dragons
  Arachne (Spider:2)
  5 bone dragons
  7 Tzitzimimeh (Pan)
  A pearl dragon (Pan)
  6 pandemonium lords
  17 tentacled monstrosities
  A Brimstone Fiend (Pan)
  A shard shrike zombie (Crypt:3)
  5 electric golems
  5 Ice Fiends
  Zenata (Vaults:3)
  Rupert (Lair:3)
  30 Orb Guardians
  3 Hell Sentinels (Pan)
  A walking crystal tome (WizLab)
  A hellephant (Pan)
  14 liches
  3 deep elf blademasters
  Asterion (Spider:3)
  2 deep elf master archers (Elf:3)
  5 titans (Vaults:5)
  24 acid blobs
  5 quicksilver dragons
  A walking divine tome (Depths:3)
  21 Executioners
  A kraken (Shoals:3)
  8 death cobs
  7 sphinxes
  Frances (Spider:1)
  Polyphemus (Shoals:4)
  8 ancient champions
  14 tentacled starspawn
  11 shadow dragons
  The ghost of Palms the Swashbuckler, an adept VSFi of Wu Jian (Vaults:2)
  Kirke (Shoals:4)
  Aizul (Depths:1)
  4 tengu reavers
  16 storm dragons
  Donald (Spider:1)
  3 draconian monks
  5 demonspawn warmongers
  2 revenants
  10 azure jellies
  4 daevas (Pan)
  6 emperor scorpions
  A strange machine (WizLab)
  8 draconian knights
  7 rockslimes
  6 deep elf sorcerers
  7 frost giants
  7 fire giants
  8 draconian scorchers
  12 ghost moths
  6 balrugs
  Louise (Shoals:3)
  An iron dragon (Hell)
  4 deep elf elementalists (Elf:3)
  2 draconian shifters
  17 vault wardens
  A caustic shrike skeleton (Pan)
  2 orc warlords
  4 draconian stormcallers
  7 angels
  4 demonspawn blood saints
  3 demonspawn corrupters (Pan)
  5 curse skulls
  2 cacodemons (Pan)
  14 draconian annihilators
  6 quicksilver oozes
  12 reapers
  4 formless jellyfish
  A broodmother (Spider:4)
  2 war gargoyles
  3 vampire knights
  7 ghouls
  21 very ugly things
  A spriggan defender (Depths:2)
  7 ironbound thunderhulks
  23 ironbound preservers
  3 ophanim
  Nessos (Lair:4)
  5 black draconians
  13 apis (Pan)
  25 stone giants
  7 deep elf annihilators
  13 lorocyprocas
  Azrael (D:15)
  9 green draconians
  16 purple draconians
  8 yellow draconians
  A minotaur (Gauntlet)
  10 white draconians
  7 deep elf demonologists
  3 demonspawn black suns (Pan)
  15 red draconians
  20 dire elephants
  14 spark wasps
  15 green deaths
  3 iron golems
  Snorg (D:10)
  2 crystal guardians (Vaults:3)
  A quicksilver dragon zombie (Crypt:3)
  8 jiangshi
  6 blizzard demons
  8 deep elf death magi
  4 ettins
  5 merfolk javelineers
  3 entropy weavers
  10 merfolk impalers
  14 yaktaur captains
  9 fire dragons
  6 eidola
  3 spriggan zombies
  13 great orbs of eyes
  5 deep elf high priests
  Fannar (D:11)
  2 peacekeepers
  8 hydras
  10 ice dragons
  An anaconda (Depths:2)
  A fenstrider witch zombie (Crypt:3)
  28 vault guards
  5 catoblepae
  4 jorogumos
  2 merfolk avatars (Shoals:4)
  6 ironbound frosthearts
  6 merfolk aquamancers
  12 rakshasas
  5 spriggan air magi
  3 radroaches (Spider:4)
  4 hell beasts
  4 death knights
  An alligator snapping turtle (Shoals:1)
  11 ogre magi
  12 death yaks
  A spriggan skeleton (Pan)
  8 centaur warriors
  4 tengu warriors
  8 boulder beetles
  8 deep troll earth magi
  13 hell hogs
  19 two-headed ogres
  36 dancing weapons
  An Orb Guardian skeleton (Crypt:2)
  6 vampire magi
  3 deep troll shamans
  4 satyrs
  4 thrashing horrors
  3 orc high priests
  A naga warrior (Abyss:3)
  21 sun demons
  14 demonic crawlers
  5 spriggan berserkers
  11 deep elf knights
  13 wretched stars
  19 hell knights
  2 titan skeletons
  33 soul eaters
  7 skeletal warriors
  5 skysharks
  A cherub (Pan)
  6 iron trolls
  13 sixfirhies
  Amaemon (D:8)
  11 shadow wraiths
  5 pharaoh ants
  A spatial maelstrom (Abyss:3)
  A bunyip zombie (Hell)
  23 sea snakes
  2 sun moths
  2 spriggan druids (Depths:2)
  4 shadow demons (Pan)
  A swamp dragon (shapeshifter) (D:14)
  An anaconda zombie (Crypt:3)
  A bog body (Crypt:2)
  7 lindwurms
  6 flayed ghosts
  41 deep trolls
  2 swamp dragons (Zot:1)
  10 orb spiders
  A kraken simulacrum (Hell)
  A spriggan simulacrum (Hell)
  A golden dragon skeleton (Pan)
  An orange crystal statue (Elf:2)
  13 deep elf archers
  8 orc knights
  29 harpies
  6 glowing orange brains
  6 steelbarb worms
  15 wizards
  21 ironbound convokers
  14 phantasmal warriors
  38 deep elf pyromancers
  35 deep elf zephyrmancers
  50 ugly things
  45 large abominations
  36 starcursed masses (Abyss:3)
  19 wolf spiders
  An anaconda skeleton (Hell)
  2 orc sorcerers
  12 necromancers
  5 oklob plants
  2 worldbinders (Abyss:3)
  6 shining eyes
  35 moths of wrath
  A shining eye (shapeshifter) (Vaults:5)
  A stone giant zombie (Crypt:2)
  23 fauns
  9 cyclopes
  8 merfolk sirens
  15 manticores
  16 elephants
  A black mamba (shapeshifter) (Abyss:3)
  A centaur zombie (Hell)
  2 naga zombies
  36 smoke demons
  A stone giant skeleton (Crypt:1)
  2 ice statues (Hell)
  5 rust devils
  19 vault sentinels
  3 water nymphs
  4 torpor snails
  An apocalypse crab (Abyss:3)
  A water nymph (shapeshifter) (Vaults:5)
  Maurice (D:13)
  4 molten gargoyles (Hell)
  A shock serpent skeleton (Crypt:2)
  3 guardian serpents (Abyss:3)
  2 titan simulacra (Depths:3)
  6 orange demons
  7 black mambas
  2 eyes of devastation (Slime:5)
  17 cane toads
  6 naga skeletons
  2 centaur skeletons (Pan)
  27 hellions
  3 gargoyles
  A kobold demonologist (D:14)
  5 unseen horrors
  Maggie (D:7)
  6 rime drakes
  5 dire elephant skeletons
  An alligator snapping turtle skeleton (Pan)
  17 komodo dragons
  8 freezing wraiths
  3 efreet
  2 ice devils
  A bunyip simulacrum (Crypt:1)
  A tengu conjurer (Depths:2)
  6 red devils
  A swamp worm zombie (Crypt:1)
  25 yaktaurs
  3 sea snake zombies (Hell)
  A golden dragon simulacrum (Depths:3)
  A queen bee (Lair:3)
  8 trolls
  2 harpy zombies
  53 merfolk
  A pale draconian skeleton (Crypt:1)
  A sphinx simulacrum (Depths:3)
  7 meliai
  A meliai (shapeshifter) (Vaults:3)
  7 polar bears
  4 harpy skeletons
  A hydra skeleton (Hell)
  A tarantella (shapeshifter) (D:14)
  An alligator zombie (Hell)
  9 ancient zymes (Abyss:3)
  2 wind drakes (Shoals:2)
  3 hornets
  8 raiju (Abyss:3)
  A tengu simulacrum (Depths:3)
  An ettin zombie (Hell)
  24 hellwings
  Grinder (D:3)
  12 blink frogs
  24 tarantellas
  A boulder beetle zombie (Crypt:3)
  11 flying skulls
  9 snapping turtles
  A slime creature (shapeshifter) (D:14)
  17 dream sheep
  19 culicivoras
  5 air elementals
  39 jumping spiders
  An alligator skeleton (Hell)
  5 spriggans
  2 centaur simulacra (Gauntlet)
  133 slime creatures
  15 ynoxinuls
  4 wyverns
  19 water elementals
  6 wraiths
  41 yaks
  A shadow (D:9)
  Eustachio (D:4)
  A wyvern (shapeshifter) (D:15)
  4 basilisks
  10 fire bats
  A yak (shapeshifter) (Vaults:5)
  5 fire elementals
  8 golden eyes
  15 neqoxecs
  3 hogs (Shoals:4)
  31 redbacks
  A steam dragon (Bailey)
  2 black mamba skeletons
  12 chaos spawn
  9 vampire mosquitoes
  A faun zombie (Crypt:1)
  3 spatial vortices (Abyss:3)
  3 wargs (Orc:2)
  A skyshark zombie (Crypt:3)
  A glowing shapeshifter skeleton (Crypt:3)
  An acid dragon (D:12)
  6 hell hounds
  A demonspawn skeleton (Crypt:3)
  A floating eye (Slime:3)
  A deep troll skeleton (Pan)
  A hydra simulacrum (Hell)
  A meliai simulacrum (Gauntlet)
  An ice beast (D:4)
  2 sky beasts (D:7)
  25 water moccasins
  A water nymph skeleton (Crypt:1)
  30 orc warriors
  9 black bears
  A black bear (shapeshifter) (Abyss:3)
  A tengu (Abyss:3)
  34 ogres
  9 wolves
  16 small abominations
  19 centaurs
  2 phantoms
  3 kobold brigands
  2 gnoll sergeants
  8 bullfrogs
  2 necrophages
  3 earth elementals
  A cane toad simulacrum (Gauntlet)
  2 naga simulacra (Crypt:3)
  A water moccasin zombie (Crypt:2)
  A scorpion (D:7)
  7 wights
  A shapeshifter zombie (Crypt:3)
  A cyclops skeleton (Crypt:1)
  36 killer bees
  2 electric eels
  3 howler monkeys
  8 jellies
  3 quasits (Abyss:3)
  An iron imp (Abyss:3)
  19 orc priests
  5 hounds
  Crazy Yiuf (D:2)
  An iguana (shapeshifter) (Vaults:5)
  Ijyb (D:4)
  Jessica (D:2)
  An iguana (D:6)
  21 orc wizards
  14 hell rats
  An acid dragon zombie (Crypt:2)
  An ogre skeleton (Crypt:3)
  A deep dwarf skeleton (Crypt:3)
  A hound zombie (Crypt:1)
  7 gnolls
  7 adders
  2 shadow imps
  A steam dragon skeleton (Crypt:2)
  5 white imps
  3 ufetubi (Abyss:3)
  A worm zombie (Crypt:2)
  A worm (D:2)
  3 dart slugs (D:2)
  75 orcs
  6 bats
  5 endoplasms
  5 giant cockroaches
  20 goblins
  4 hobgoblins
  2 jackals (D:2)
  8 quokkas
  13 ball pythons
  A ball python zombie (Crypt:1)
  6 frilled lizards
  22 kobolds
  2 kobold skeletons (Crypt:2)
  8 rats
  2 lurking horrors (Abyss:3)
  3 spectral weapons (Spider:3)
  13 starspawn tentacles
  5 tentacles
3213 creatures vanquished.

Vanquished Creatures (collateral kills)
  A sphinx (Vaults:5)
  A tengu reaver (Vaults:5)
  An iron dragon (Vaults:5)
  2 fauns (Shoals:1)
5 creatures vanquished.

Vanquished Creatures (others)
  Sojobo (Crypt:1)
  An Executioner (Abyss:3)
  A shadow dragon (Zot:1)
  A draconian knight (Zot:4)
  A demonspawn blood saint (Pan)
  A green death (Pan)
  2 rakshasas (Pan)
  2 deep elf knights
  An ironbound convoker (Vaults:1)
  A starcursed mass (Abyss:3)
  A deep elf zephyrmancer (Elf:1)
  A manticore (Shoals:4)
  A smoke demon (Pan)
  A merfolk (Shoals:4)
  4 hellwings (Pan)
  A dream sheep (shapeshifter) (Vaults:5)
  2 fire bats
  An orc warrior (Vaults:5)
  A wight (Abyss:3)
  An orc wizard (D:7)
  12 ball lightnings (Pan)
  A lurking horror (Abyss:3)
  19 starspawn tentacles
  7 tentacles
65 creatures vanquished.

Grand Total: 3283 creatures vanquished

Notes
Turn   | Place    | Note
-------+----------+-------------------------------------------
     0 | D:1      | RepHenryClay the Hill Orc Fighter began the quest for the
                  | Orb.
     0 | D:1      | Reached XP level 1. HP: 19/19 MP: 1/1
    82 | D:1      | Reached XP level 2. HP: 26/26 MP: 2/2
   383 | D:1      | Reached XP level 3. HP: 31/31 MP: 3/3
   713 | D:1      | Found Deisk's Vocational Training.
   974 | D:2      | Noticed Jessica
   982 | D:2      | Killed Jessica
   983 | D:2      | Reached XP level 4. HP: 23/39 MP: 4/4
  1362 | D:2      | Found a runed translucent door.
  1363 | D:2      | Noticed Crazy Yiuf
  1502 | D:3      | Noticed Grinder
  1516 | D:3      | Killed Grinder
  1517 | D:3      | Reached XP level 5. HP: 28/45 MP: 5/5
  1517 | D:3      | Reached XP level 6. HP: 32/51 MP: 6/6
  1733 | D:2      | Found a white marble altar of Elyvilon.
  2082 | D:2      | Killed Crazy Yiuf
  2702 | D:4      | Noticed Eustachio
  2991 | D:4      | Reached skill level 5 in Armour
  2991 | D:4      | Reached skill level 5 in Shields
  2991 | D:4      | Reached XP level 7. HP: 50/57 MP: 7/7
  3091 | D:4      | Noticed Ijyb
  3124 | D:4      | Killed Ijyb
  3548 | D:4      | Killed Eustachio
  3645 | D:4      | Reached XP level 8. HP: 22/64 MP: 8/8
  3862 | D:5      | Entered Level 5 of the Dungeon
  3917 | D:5      | Found a shadowy altar of Dithmenos.
  4183 | D:5      | Found a runed translucent gate.
  4183 | D:5      | Found a runed translucent gate.
  4184 | D:5      | Found a runed translucent gate.
  4186 | D:5      | Noticed MrSquiggles's ghost (amateur OgSu)
  4194 | D:5      | Found a glowing silver altar of Zin.
  4233 | D:5      | Found a hide-covered altar of Uskayaw.
  4650 | D:6      | Reached skill level 10 in Axes
  4908 | D:6      | Reached XP level 9. HP: 53/70 MP: 9/9
  5495 | D:6      | Found a basalt altar of Yredelemnul.
  5495 | D:6      | Found a blossoming altar of Fedhas.
  5504 | D:6      | Found an opulent altar of Gozag.
  5506 | D:6      | Found a radiant altar of Vehumet.
  5508 | D:6      | Found a shimmering blue altar of Sif Muna.
  5978 | D:7      | Found a staircase to the Ecumenical Temple.
  5988 | Temple   | Entered the Ecumenical Temple
  6014 | Temple   | Became a worshipper of Qazlal Stormbringer
  6035 | D:7      | Noticed Maggie
  6053 | D:7      | Killed Maggie
  6164 | D:7      | Found Ybewneyr's Weapon Emporium.
  6450 | D:8      | Found a staircase to the Lair.
  6450 | D:8      | Noticed an elephant
  6472 | D:7      | Reached XP level 10. HP: 56/77 MP: 10/10
  6543 | D:8      | Reached * piety under Qazlal
  6777 | D:7      | Killed an elephant
  6840 | D:8      | Noticed an orange demon
  6840 | D:8      | Noticed Amaemon
  6857 | D:8      | Killed an orange demon
  6858 | D:8      | Reached skill level 15 in Axes
  6869 | D:8      | Killed Amaemon
  7083 | D:8      | Reached skill level 10 in Armour
  7261 | D:9      | Noticed a two-headed ogre
  7273 | D:9      | Killed a two-headed ogre
  7508 | D:9      | Reached XP level 11. HP: 85/85 MP: 11/11
  7532 | D:9      | Reached skill level 5 in Fighting
  7806 | D:9      | Reached ** piety under Qazlal
  7811 | D:9      | Found an iron altar of Okawaru.
  8301 | D:10     | Entered Level 10 of the Dungeon
  8313 | D:10     | Identified the +0 robe "Peokolov" {Rampage rN+}
  8313 | D:10     | Noticed a two-headed ogre
  8323 | D:10     | Killed a two-headed ogre
  8563 | D:10     | Found a flagged portal.
  8586 | Bailey   | Entered a bailey
  8622 | Bailey   | Noticed a two-headed ogre
  8645 | Bailey   | Killed a two-headed ogre
  8860 | Bailey   | Identified the +5 trident "Ipnacsim" {elec, *Slow +Blink
                  | rN+ Str+5}
  9020 | D:10     | Noticed Snorg
  9032 | D:10     | Killed Snorg
  9566 | D:11     | Reached XP level 12. HP: 105/105 MP: 12/12
  9570 | D:11     | Reached *** piety under Qazlal
  9692 | D:11     | Reached skill level 10 in Fighting
 10550 | D:11     | Found a roughly hewn altar of Beogh.
 10550 | D:11     | Found a staircase to the Orcish Mines.
 10615 | D:11     | Reached **** piety under Qazlal
 11059 | Orc:1    | Entered Level 1 of the Orcish Mines
 11060 | Orc:1    | Noticed Fannar
 11077 | D:11     | Killed Fannar
 11361 | Orc:2    | Entered Level 2 of the Orcish Mines
 11365 | Orc:2    | Noticed an orc warlord
 11377 | Orc:2    | Killed an orc warlord
 11547 | Orc:2    | Noticed a two-headed ogre
 11549 | Orc:2    | Noticed a two-headed ogre
 11557 | Orc:2    | Killed a two-headed ogre
 11557 | Orc:2    | Noticed a two-headed ogre
 11558 | Orc:2    | Noticed a two-headed ogre
 11560 | Orc:2    | Killed a two-headed ogre
 11561 | Orc:2    | Noticed an ogre mage
 11565 | Orc:2    | Noticed a two-headed ogre
 11566 | Orc:2    | Noticed an ogre mage
 11577 | Orc:2    | Noticed an ogre mage
 11579 | Orc:2    | Killed a two-headed ogre
 11587 | Orc:1    | Killed a two-headed ogre
 11587 | Orc:1    | Killed an ogre mage
 11685 | Lair:1   | Entered Level 1 of the Lair of Beasts
 11828 | Lair:1   | Reached XP level 13. HP: 116/116 MP: 13/13
 12132 | Lair:1   | Reached ***** piety under Qazlal
 12597 | Lair:2   | Found a gate leading to a gauntlet.
 12615 | Gauntlet | Entered a Gauntlet
 12615 | Gauntlet | Found a transporter.
 12615 | Gauntlet | Found a transporter.
 12711 | Gauntlet | Found a transporter.
 12726 | Gauntlet | Found a transporter.
 12730 | Gauntlet | Noticed a balrug
 12740 | Gauntlet | Found a transporter.
 12740 | Gauntlet | Found the ring of Shadows {Umbra +Inv Stlth+}
 12753 | Gauntlet | Found a transporter.
 12769 | Gauntlet | Found a transporter.
 12841 | Gauntlet | Found a transporter.
 12850 | Gauntlet | Found a transporter.
 12868 | Gauntlet | Found a transporter.
 12880 | Gauntlet | Found a transporter.
 12896 | Gauntlet | Found a transporter.
 12963 | Gauntlet | Found a transporter.
 12964 | Gauntlet | Found a transporter.
 12965 | Gauntlet | Noticed an entropy weaver
 12967 | Gauntlet | Noticed a cacodemon
 12973 | Gauntlet | Found a transporter.
 12993 | Gauntlet | Noticed a great orb of eyes
 13007 | Gauntlet | Found a transporter.
 13087 | Gauntlet | Killed an entropy weaver
 13097 | Gauntlet | Identified the ring of the Trout {rPois Str+3 Dex+6}
 13341 | Gauntlet | Identified the ring "Gofun" {+Blink rN++ EV+5 Int-5}
 13362 | Gauntlet | Noticed a minotaur
 13370 | Gauntlet | Killed a minotaur
 13380 | Gauntlet | Got the Quarto of Charms
 13387 | Gauntlet | Identified the ring "Wioll" {Wiz rN+ Int+2}
 13387 | Gauntlet | Identified the ring of the Lusting Ancients {Contam rF+
                  | rC++ rCorr Slay+5}
 13799 | Lair:2   | Identified the amulet "Liremarr" {Reflect Str+3 SH+5}
 13835 | Lair:2   | Reached skill level 1 in Dodging
 14096 | Lair:2   | Found a hole to the Spider Nest.
 14141 | Lair:2   | Found a staircase to the Shoals.
 14417 | Lair:3   | Reached skill level 5 in Dodging
 14417 | Lair:3   | Reached XP level 14. HP: 124/124 MP: 14/14
 14503 | Lair:3   | Identified the +2 long sword "Irpherer" {venom, rF++ Int-5
                  | SInv}
 14549 | Lair:3   | Reached ****** piety under Qazlal
 15189 | Lair:4   | Found a viscous altar of Jiyva.
 15189 | Lair:4   | Found a staircase to the Slime Pits.
 15204 | Lair:4   | Noticed Rupert
 15206 | Lair:4   | Noticed Nessos
 15332 | Lair:3   | Killed Rupert
 15412 | Lair:4   | Killed Nessos
 16277 | Lair:5   | Entered Level 5 of the Lair of Beasts
 16548 | Lair:5   | Reached XP level 15. HP: 103/132 MP: 15/15
 16904 | D:1      | Bought a manual of Invocations for 800 gold pieces
 17108 | Lair:5   | Reached skill level 1 in Invocations
 17278 | Lair:5   | Reached skill level 5 in Invocations
 17612 | Lair:5   | Reached skill level 10 in Invocations
 18356 | Orc:2    | Reached skill level 15 in Invocations
 18541 | Orc:2    | Found a staircase to the Elven Halls.
 18830 | Orc:2    | Found Tireinir's Jewellery Boutique.
 18830 | Orc:2    | Found Qinkiorph's General Store.
 18830 | Orc:2    | Found Bijowkis's Antique Weapon Emporium.
 18830 | Orc:2    | Found Isuj's Antique Weapon Shop.
 18838 | Orc:2    | Bought a potion of cancellation for 104 gold pieces
 18838 | Orc:2    | Bought a potion of heal wounds for 65 gold pieces
 18838 | Orc:2    | Bought a scroll of identify for 26 gold pieces
 20267 | D:13     | Reached XP level 16. HP: 130/141 MP: 28/28
 20304 | D:13     | Noticed Maurice
 20316 | D:13     | Reached skill level 15 in Armour
 20319 | D:13     | Killed Maurice
 21198 | D:14     | Found a gate to the Vaults.
 21871 | D:15     | Entered Level 15 of the Dungeon
 21983 | D:15     | Noticed Azrael
 22004 | D:15     | Killed Azrael
 22481 | D:15     | Found a staircase to the Depths.
 22484 | D:15     | Identified the +6 quarterstaff of the Girdle {drain, rElec}
 23054 | Spider:1 | Entered Level 1 of the Spider Nest
 23087 | Spider:1 | Noticed Donald
 23277 | Orc:2    | Bought the necklace of Bloodlust {Fury *Rage Will++ Int-3
                  | Slay+6} for 634 gold pieces
 23277 | Orc:2    | Found the necklace of Bloodlust {Fury *Rage Will++ Int-3
                  | Slay+6}
 23464 | Spider:1 | Killed Donald
 24106 | Spider:1 | Reached skill level 15 in Fighting
 25279 | Spider:2 | Reached XP level 17. HP: 124/157 MP: 29/29
 25545 | Spider:2 | Noticed Nikola
 25563 | Spider:2 | Killed Nikola
 25599 | Spider:2 | Noticed Frances
 25845 | Abyss:3  | Cast into level 3 of the Abyss (Frances)
 25999 | Abyss:3  | Noticed a tentacled starspawn
 26014 | Abyss:3  | Killed a tentacled starspawn
 26037 | Abyss:3  | Noticed an Executioner
 26043 | Abyss:3  | Killed an Executioner
 26058 | Abyss:3  | Noticed a tentacled starspawn
 26060 | Abyss:3  | Noticed a bone dragon
 26065 | Abyss:3  | Killed a tentacled starspawn
 26068 | Spider:2 | Escaped the Abyss
 26153 | Spider:1 | Killed Frances
 26465 | Spider:2 | Noticed Arachne
 26496 | Spider:2 | Killed Arachne
 28004 | Spider:4 | Entered Level 4 of the Spider Nest
 28007 | Spider:4 | Noticed Asterion
 28089 | Spider:4 | Noticed an Executioner
 28104 | Spider:3 | Killed Asterion
 28351 | Spider:4 | Reached XP level 18. HP: 117/172 MP: 30/30
 29830 | Spider:4 | Got a gossamer rune of Zot
 30173 | Elf:1    | Entered Level 1 of the Elven Halls
 31118 | Elf:1    | Got the Book of the Volley
 31431 | Elf:2    | Reached XP level 19. HP: 138/185 MP: 6/31
 31655 | Elf:2    | Identified the +11 plate armour of Lust {Harm rN++ Will+
                  | Slay-6}
 31669 | Elf:2    | Lost intelligence.
 31864 | Elf:2    | Found a runed translucent gate.
 31865 | Elf:2    | Found a runed translucent gate.
 31865 | Elf:2    | Found a runed translucent gate.
 32906 | Elf:3    | Entered Level 3 of the Elven Halls
 33175 | Elf:3    | Paralysed by an air elemental for 1 turns
 33427 | Elf:3    | Found Joukeir's Weapon Shoppe.
 33779 | Shoals:1 | Entered Level 1 of the Shoals
 34157 | Shoals:1 | Found a runed translucent door.
 34157 | Shoals:1 | Found a shimmering altar of Xom.
 34157 | Shoals:1 | Noticed LobsterGuardian's ghost (adept DrCj)
 34157 | Shoals:1 | Identified the +3 rapier "Ryanaucw" {chaos, rN+ Int+4
                  | Stlth+}
 35697 | Shoals:2 | Reached XP level 20. HP: 172/200 MP: 22/32
 36454 | Shoals:3 | Noticed Louise
 36464 | Shoals:3 | Killed Louise
 37212 | Shoals:3 | Noticed Roxanne
 37445 | Shoals:3 | Found a hazy altar of Hepliaklqana.
 37707 | Shoals:4 | Entered Level 4 of the Shoals
 37707 | Shoals:4 | Found Juapius's Magic Scroll Boutique.
 37713 | Shoals:4 | Noticed Polyphemus
 37715 | Shoals:4 | Bought a scroll of enchant armour for 112 gold pieces
 37715 | Shoals:4 | Bought a scroll of teleportation for 45 gold pieces
 37715 | Shoals:4 | Bought a scroll of revelation for 112 gold pieces
 37715 | Shoals:4 | Bought a scroll of enchant weapon for 112 gold pieces
 37727 | Shoals:4 | Killed Polyphemus
 37729 | Shoals:4 | Noticed Kirke
 37748 | Shoals:4 | Killed Kirke
 39370 | Shoals:4 | Got a barnacled rune of Zot
 39580 | Shoals:4 | Identified the ring "Ennick" {Drain rElec rCorr Stlth+}
 39966 | Vaults:1 | Entered Level 1 of the Vaults
 40537 | Vaults:1 | Found Wuckin's Jewellery Boutique.
 40580 | Vaults:1 | Reached XP level 21. HP: 189/214 MP: 11/33
 42562 | Vaults:2 | Found a runed translucent gate.
 42562 | Vaults:2 | Found a runed translucent gate.
 42562 | Vaults:2 | Found a runed translucent gate.
 42562 | Vaults:2 | Identified the +3 plate armour "Neblagg" {Slay+2}
 42562 | Vaults:2 | Noticed Palms's ghost (adept VSFi)
 42564 | Vaults:2 | Found a roughly hewn altar of Beogh.
 42828 | Vaults:2 | Found a staircase to the Crypt.
 42841 | Vaults:2 | Noticed Boris
 42846 | Vaults:2 | Noticed Saint Roka
 42851 | Vaults:2 | Killed Boris
 42867 | Vaults:2 | Killed Saint Roka
 43077 | Vaults:2 | Found Horikler's Armour Emporium.
 43266 | Vaults:2 | Killed Palms's ghost
 43638 | Vaults:2 | Learned a level 2 spell: Blink
 43641 | Vaults:2 | Learned a level 2 spell: Lesser Beckoning
 43825 | Vaults:3 | Noticed Zenata
 43836 | Vaults:3 | Killed Zenata
 44068 | Vaults:3 | Reached XP level 22. HP: 148/228 MP: 20/34
 44690 | Vaults:3 | Identified the ring of Freedom {Fire Dex+3}
 45150 | Vaults:3 | Noticed Bai Suzhen
 45156 | Vaults:3 | Killed Bai Suzhen
 45971 | Vaults:4 | Found Apiel's Weapon Emporium.
 46794 | Vaults:4 | Found Ycamebet's Armour Shoppe.
 46810 | Vaults:4 | Bought +0 pearl dragon scales for 1500 gold pieces
 47199 | Vaults:5 | Entered Level 5 of the Vaults
 47201 | Vaults:5 | Noticed Boris
 47229 | Vaults:5 | Noticed an ancient lich
 47242 | Vaults:5 | Reached skill level 27 in Fighting
 47267 | Vaults:5 | Noticed a golden dragon
 47273 | Vaults:5 | Killed a golden dragon
 47280 | Vaults:5 | Reached XP level 23. HP: 107/235 MP: 0/35
 47315 | Vaults:5 | Reached skill level 27 in Armour
 47345 | Vaults:5 | Reached skill level 10 in Dodging
 47418 | Vaults:5 | HP: 11/240 [titan (23)]
 47702 | Vaults:5 | Killed Boris
 47735 | Vaults:5 | Identified the ring "Oploal" {Fire Int+5 Stlth+}
 47735 | Vaults:5 | HP: 8/240 [tengu reaver/+2 great sword (24)]
 47774 | Vaults:5 | Identified the +0 robe of Defence {rElec Str+3}
 48146 | Vaults:5 | Killed an ancient lich
 48382 | Vaults:5 | Got a silver rune of Zot
 48497 | Vaults:5 | Identified the +4 ring mail of Resonance {rC- Int+3 Dex+2
                  | SInv}
 48571 | Vaults:5 | Identified the +13 tower shield of the Guild-Master
                  | {*Corrode rPois rN+}
 49180 | Depths:1 | Entered Level 1 of the Depths
 49195 | Depths:1 | Found a glowing golden altar of the Shining One.
 49303 | Depths:1 | Found a gateway to Hell.
 49841 | Depths:1 | Found a one-way gate to the infinite horrors of the Abyss.
 50084 | Depths:2 | Noticed Mara
 50117 | Depths:2 | Reached XP level 24. HP: 103/249 MP: 0/35
 50119 | Depths:2 | Noticed Aizul
 50132 | Depths:1 | Killed Mara
 50162 | Depths:1 | Killed Aizul
 50198 | Depths:2 | Found a magical portal.
 50205 | WizLab   | Entered Tukima's Studio
 50576 | WizLab   | Reached skill level 15 in Dodging
 51060 | WizLab   | Noticed RepHenryClay's illusion
 51068 | WizLab   | Identified the +0 pair of boots "Ginlaamm" {+Inv Regen+
                  | Int+4}
 51070 | WizLab   | Identified the +0 scale mail "Toddum" {Str+2}
 51073 | WizLab   | Identified the scarf of Greater Demons {harm, rElec Dex-5
                  | SInv}
 51992 | Depths:2 | Noticed a caustic shrike
 51992 | Depths:2 | Identified the +1 robe of the Orcish Mines {MP+9 Int+5
                  | Dex+3}
 52000 | Depths:2 | Killed a caustic shrike
 52053 | Depths:2 | Noticed a caustic shrike
 52056 | Depths:2 | Killed a caustic shrike
 52555 | Depths:2 | Found a one-way gate leading to the halls of Pandemonium.
 52980 | Depths:3 | Identified the ring of Nical {Ice rPois rCorr Int+4}
 52980 | Depths:3 | Noticed Josephina
 53001 | Depths:3 | Killed Josephina
 54159 | Depths:3 | Noticed a juggernaut
 54175 | Depths:3 | Killed a juggernaut
 54599 | Depths:4 | Entered Level 4 of the Depths
 54601 | Depths:4 | Found a one-way gateway to a ziggurat.
 54614 | Depths:4 | Paralysed by a sphinx for 2 turns
 54626 | Depths:4 | Reached XP level 25. HP: 211/257 MP: 35/35
 55068 | Depths:4 | Noticed Boris
 55083 | Depths:4 | Killed Boris
 55098 | Depths:4 | Identified the +5 rapier "Keoteid" {heavy, rElec rC+ rN+}
 55413 | Depths:4 | Found a gate to the Realm of Zot.
 56101 | Zot:1    | Entered Level 1 of the Realm of Zot
 57221 | Zot:1    | Found Fivi's Changing Room.
 58622 | Depths:3 | Voluntarily entered the Abyss.
 58862 | Depths:3 | Escaped the Abyss
 58866 | Depths:3 | Voluntarily entered the Abyss.
 58925 | Abyss:3  | Reached XP level 26. HP: 240/266 MP: 35/35
 58948 | Abyss:3  | Found a corrupted altar of Lugonu.
 58948 | Abyss:3  | Found a corrupted altar of Lugonu.
 58980 | Abyss:3  | Found a corrupted altar of Lugonu.
 59051 | Depths:3 | Escaped the Abyss
 59187 | Depths:3 | Voluntarily entered the Abyss.
 59190 | Abyss:3  | Found a candlelit altar of Ignis.
 59255 | Abyss:3  | Gained mutation: You are clumsy. (Dex -2) [a neqoxec]
 59313 | Depths:3 | Escaped the Abyss
 59315 | Depths:3 | Voluntarily entered the Abyss.
 59315 | Abyss:3  | Found a corrupted altar of Lugonu.
 59404 | Abyss:3  | Found a corrupted altar of Lugonu.
 59530 | Depths:3 | Escaped the Abyss
 59570 | Depths:3 | Voluntarily entered the Abyss.
 59570 | Abyss:3  | Found a corrupted altar of Lugonu.
 59805 | Abyss:3  | Found a corrupted altar of Lugonu.
 59833 | Abyss:3  | Found a corrupted altar of Lugonu.
 59911 | Abyss:3  | Noticed an ancient lich
 59912 | Abyss:3  | Noticed an ancient lich
 59923 | Abyss:3  | Killed an ancient lich
 59932 | Abyss:3  | Killed an ancient lich
 59941 | Abyss:3  | Got an abyssal rune of Zot
 60027 | Abyss:4  | Found a viscous altar of Jiyva.
 60032 | Depths:3 | Escaped the Abyss
 60305 | Slime:1  | Entered Level 1 of the Pits of Slime
 60379 | Slime:3  | Paralysed by a floating eye for 2 turns
 60534 | Slime:4  | Paralysed by a formless jellyfish for 1 turns
 60641 | Slime:5  | Entered Level 5 of the Pits of Slime
 60659 | Slime:5  | Noticed the Royal Jelly
 60673 | Slime:4  | Reached XP level 27. HP: 217/273 MP: 37/37
 61702 | Slime:5  | Found a viscous altar of Jiyva.
 61727 | Slime:5  | Killed the Royal Jelly
 61745 | Slime:5  | Found the +12 glaive of Prune {freeze, Prune}
 62068 | Slime:5  | Got a slimy rune of Zot
 62098 | Slime:5  | Identified the ring of Iseironn {Fire Str+2}
 62101 | Slime:5  | Identified the +11 scimitar of Aqoasaic {vamp, rC+ rN+ MP+9
                  | Str+2}
 62113 | Slime:5  | Identified the +0 leather armour of Wacs {rF+ rC- Int+3}
 62126 | Slime:5  | Identified the +0 pair of gloves "Atowkuamib" {+Inv}
 62140 | Slime:5  | Identified the +7 dagger of Terrac {pain, SInv}
 62146 | Slime:5  | Identified the amulet of Awe {Reflect Regen+ Dex+4 SH+5}
 62895 | Elf:3    | Identified the amulet "Rolum" {RegenMP Rampage rElec Str-4
                  | Stlth+}
 63081 | Elf:3    | Identified the +0 robe of the Thirteen Xeniums {rC++}
 63090 | Elf:3    | Identified the +2 robe of Dogmatism {rPois rN+++ Int-5
                  | Dex-3}
 63106 | Elf:3    | Found the +10 tower shield of Ignorance {rN+ Int-4}
 63566 | Crypt:1  | Entered Level 1 of the Crypt
 63567 | Crypt:1  | Noticed Sojobo
 63639 | Crypt:1  | Killed Sojobo
 64478 | Crypt:2  | Identified the +0 buckler "Ragrut" {MP+9}
 64614 | Crypt:2  | Reached skill level 10 in Shields
 65106 | Crypt:3  | Entered Level 3 of the Crypt
 65299 | Crypt:3  | Noticed a dread lich
 65305 | Crypt:3  | Killed a dread lich
 65555 | Crypt:3  | Found a staircase to the Tomb.
 65634 | Crypt:3  | Found the +6 Majin-Bo {spellvamp, MP+6 Int+6}
 65816 | Crypt:3  | Noticed a dread lich
 65829 | Crypt:3  | Killed a dread lich
 65838 | Crypt:3  | Identified the ring "Jaal" {rF+ Will+ Int+2}
 65855 | Crypt:3  | Upgraded the game from 0.31-a0-331-geda263fcf1 to
                  | 0.31-a0-339-gda1cbd555d
 66439 | Zot:2    | Noticed Parghit
 66557 | Zot:1    | Killed Parghit
 66558 | Zot:1    | Reached skill level 15 in Shields
 67042 | Zot:3    | Noticed an orb of fire
 67047 | Zot:3    | Gained mutation: Potions are less effective at restoring
                  | your health. [an orb of fire]
 67187 | Zot:3    | Gained mutation: You occasionally shout uncontrollably at
                  | your foes. [an orb of fire]
 67196 | Zot:3    | Killed an orb of fire
 67595 | Zot:3    | Found an ornate altar of the Wu Jian Council.
 68706 | Hell     | Entered the Vestibule of Hell
 68706 | Hell     | Noticed Geryon
 68808 | Hell     | Killed Geryon
 68909 | Hell     | Found a gateway to the Iron City of Dis.
 68984 | Hell     | Found a gateway to the ashen valley of Gehenna.
 69161 | Hell     | Found a gateway to the decaying netherworld of Tartarus.
 69228 | Hell     | Found a gateway to the freezing wastes of Cocytus.
 69425 | Pan      | Entered Pandemonium
 69558 | Pan      | Noticed Cilip the pandemonium lord
 69569 | Pan      | Killed Cilip the pandemonium lord
 70063 | Pan      | Reached skill level 1 in Translocations
 70432 | Pan      | Got the Handbook of Vitiation
 70444 | Pan      | Gained mutation: You are strong-willed. (Will+) [a neqoxec]
 70445 | Pan      | Gained mutation: You occasionally lose the ability to read
                  | scrolls when taking damage. [a neqoxec]
 70593 | Pan      | Noticed Xulum the pandemonium lord
 70598 | Pan      | Reached skill level 5 in Translocations
 70608 | Pan      | Killed Xulum the pandemonium lord
 70868 | Pan      | Noticed Muted the pandemonium lord
 70876 | Pan      | Killed Muted the pandemonium lord
 70880 | Pan      | Gained mutation: You are dopey. (Int -2) [a cacodemon]
 71043 | Pan      | Reached skill level 1 in Evocations
 71510 | Pan      | Gained mutation: Your magical capacity is low. (-10% MP) [a
                  | neqoxec]
 71713 | Pan      | Reached skill level 5 in Evocations
 71725 | Pan      | Got a demonic rune of Zot
 71931 | Pan      | Found a white marble altar of Elyvilon.
 72491 | Pan      | Noticed Anellabb the pandemonium lord
 72503 | Pan      | Killed Anellabb the pandemonium lord
 72779 | Pan      | Reached skill level 10 in Evocations
 72895 | Pan      | Identified the +5 quarterstaff of Recklessness {spect, rN++
                  | Str+5 Int-4}
 72943 | Pan      | Noticed Doekhlui the pandemonium lord
 72951 | Pan      | Killed Doekhlui the pandemonium lord
 72969 | Pan      | Identified the staff "Sexatt" {rPois Int+2 Conj}
 73006 | Pan      | Entered the realm of Gloorx Vloq.
 73717 | Pan      | Noticed Gloorx Vloq
 73732 | Pan      | Killed Gloorx Vloq
 74028 | Pan      | Got a dark rune of Zot
 74196 | Pan      | Entered the realm of Lom Lobon.
 74559 | Pan      | Found an exit through the horrors of the Abyss.
 74776 | Pan      | Noticed Lom Lobon
 74802 | Pan      | Killed Lom Lobon
 74808 | Pan      | Got a magical rune of Zot
 75017 | Pan      | Took an exit into the Abyss.
 75017 | Abyss:4  | Escaped into the Abyss
 75089 | Depths:3 | Escaped the Abyss
 75244 | Zot:5    | Entered Level 5 of the Realm of Zot
 75249 | Zot:5    | a Killer Klown changed into a juggernaut
 75249 | Zot:5    | Noticed a juggernaut
 75252 | Zot:5    | Killed a juggernaut
 75926 | Zot:5    | Noticed an ancient lich
 75940 | Zot:5    | Noticed an orb of fire
 75972 | Zot:5    | Noticed an orb of fire
 75988 | Zot:5    | Gained mutation: You are frail. (-10% HP) [an orb of fire]
 75989 | Zot:5    | Noticed an orb of fire
 76047 | Zot:5    | Gained mutation: Armour fits poorly on your strangely
                  | shaped body. [an orb of fire]
 76047 | Zot:5    | Lost mutation: You are clumsy. (Dex -2) [an orb of fire]
 76053 | Zot:4    | Killed an orb of fire
 76109 | Zot:4    | Gained mutation: Your spells are a little easier to cast,
                  | but a little less powerful. [an orb of fire]
 76112 | Zot:4    | Gained mutation: You sometimes lose the ability to read
                  | scrolls when taking damage. [an orb of fire]
 76115 | Zot:4    | Killed an orb of fire
 76116 | Zot:4    | Reached skill level 27 in Invocations
 76164 | Zot:4    | Lost mutation: You sometimes lose the ability to read
                  | scrolls when taking damage. [an orb of fire]
 76172 | Zot:4    | Killed an orb of fire
 76251 | Zot:5    | Noticed an ancient lich
 76254 | Zot:5    | Noticed a dread lich
 76258 | Zot:5    | Killed an ancient lich
 76258 | Zot:5    | Noticed a dread lich
 76260 | Zot:5    | Killed a dread lich
 76261 | Zot:5    | Noticed an ancient lich
 76268 | Zot:5    | Noticed an ancient lich
 76270 | Zot:5    | Killed a dread lich
 76274 | Zot:5    | Killed an ancient lich
 76279 | Zot:5    | Killed an ancient lich
 76287 | Zot:5    | Killed an ancient lich
 76512 | Zot:5    | Noticed an orb of fire
 76518 | Zot:5    | Gained mutation: You are clumsy. (Dex -2) [an orb of fire]
 76520 | Zot:5    | Gained mutation: You frequently scream uncontrollably at
                  | your foes. [an orb of fire]
 76521 | Zot:5    | Killed an orb of fire
 77486 | Zot:5    | Lost mutation: You occasionally lose the ability to read
                  | scrolls when taking damage. [potion of mutation]
 77486 | Zot:5    | Lost mutation: You are frail. (-10% HP) [potion of
                  | mutation]
 77487 | Zot:5    | Lost mutation: Potions are less effective at restoring your
                  | health. [potion of mutation]
 77487 | Zot:5    | Lost mutation: Your magical capacity is low. (-10% MP)
                  | [potion of mutation]
 77487 | Zot:5    | Lost mutation: You frequently scream uncontrollably at your
                  | foes. [potion of mutation]
 77487 | Zot:5    | Gained mutation: You have hidden genetic defects. [potion
                  | of mutation]
 77487 | Zot:5    | Gained mutation: Your flesh is cold resistant. (rC+)
                  | [potion of mutation]
 77488 | Zot:5    | Lost mutation: You are strong-willed. (Will+) [potion of
                  | mutation]
 77488 | Zot:5    | Lost mutation: You are dopey. (Int -2) [potion of mutation]
 77488 | Zot:5    | Lost mutation: Your spells are a little easier to cast, but
                  | a little less powerful. [potion of mutation]
 77488 | Zot:5    | Gained mutation: Your body sometimes deteriorates upon
                  | taking damage. [potion of mutation]
 77488 | Zot:5    | Gained mutation: You have a somewhat thin skeletal
                  | structure. (Dex +2, Stealth+) [potion of mutation]
 77489 | Zot:5    | Lost mutation: You have a somewhat thin skeletal structure.
                  | (Dex +2, Stealth+) [potion of mutation]
 77489 | Zot:5    | Lost mutation: You occasionally shout uncontrollably at
                  | your foes. [potion of mutation]
 77489 | Zot:5    | Gained mutation: You are robust. (+10% HP) [potion of
                  | mutation]
 77489 | Zot:5    | Gained mutation: You are very clumsy. (Dex -4) [potion of
                  | mutation]
 77490 | Zot:5    | Lost mutation: Your body sometimes deteriorates upon taking
                  | damage. [potion of mutation]
 77490 | Zot:5    | Lost mutation: You are very clumsy. (Dex -4) [potion of
                  | mutation]
 77490 | Zot:5    | Lost mutation: Your flesh is cold resistant. (rC+) [potion
                  | of mutation]
 77490 | Zot:5    | Lost mutation: You are robust. (+10% HP) [potion of
                  | mutation]
 77490 | Zot:5    | Gained mutation: Your spells are a little harder to cast,
                  | but a little more powerful. [potion of mutation]
 77490 | Zot:5    | Gained mutation: Your spells are harder to cast, but more
                  | powerful. [potion of mutation]
 77491 | Zot:5    | Lost mutation: Armour fits poorly on your strangely shaped
                  | body. [potion of mutation]
 77491 | Zot:5    | Lost mutation: You have hidden genetic defects. [potion of
                  | mutation]
 77491 | Zot:5    | Lost mutation: You are clumsy. (Dex -2) [potion of
                  | mutation]
 77491 | Zot:5    | Gained mutation: You are vulnerable to heat. (rF-) [potion
                  | of mutation]
 77491 | Zot:5    | Gained mutation: You are strong-willed. (Will+) [potion of
                  | mutation]
 77492 | Zot:5    | Lost mutation: You are vulnerable to heat. (rF-) [potion of
                  | mutation]
 77492 | Zot:5    | Lost mutation: You are strong-willed. (Will+) [potion of
                  | mutation]
 77492 | Zot:5    | Gained mutation: You have a pair of small horns on your
                  | head. [potion of mutation]
 77492 | Zot:5    | Gained mutation: Your body sometimes deteriorates upon
                  | taking damage. [potion of mutation]
 77493 | Zot:5    | Got the Orb of Zot
 77775 | Depths:1 | Noticed Eheubeun the pandemonium lord
 77784 | Depths:1 | Killed Eheubeun the pandemonium lord
 77947 | D:9      | Noticed a seraph
 78149 | D:$      | Escaped with the Orb!

Illustrated notes

Levels and vault maps discovered:
D:1:      spicycebolla_arrival_ecumenical, layout_loops_ring,
          nicolae_shop_vocational
D:2:      layout_basic, basic_altar, minmay_diced_spiral,
          uniq_crazy_yiuf_cottage, uniq_jessica
D:3:      layout_rooms, minmay_misc_feat_square, uniq_grinder
D:4:      layout_loops_corners, uniq_ijyb, uniq_eustachio
D:5:      cheibrodos_two_vegetables, layout_basic, old_standard_altar,
          general_overflow_altar, nicolae_uskayaw_murder_on_the_dancefloor,
          gammafunk_ghost_necromancy
D:6:      layout_loops_cross, chequers_temple_overflow_minitemple,
          lightli_minifort
D:7:      layout_basic, minmay_temple_entry_water_ring, serial_shops,
          nicolae_shop_bloodbath_and_beyond, uniq_maggie
D:8:      layout_rooms, david_lair_generic, uniq_amaemon
D:9:      layout_loops_ring, kennysheep_okawaru_gauntlet
D:10:     layout_stronghold, enter_bailey_5, uniq_snorg
D:11:     layout_layer_cave, david_orc_5
D:12:     layout_gridville
D:13:     layout_irregular_city, uniq_maurice
D:14:     layout_loops_ring, david_vaults_2, serial_glass, glass_columns_a,
          glass_columns_a
D:15:     hangedman_depths_entry_try_elsewhere_first, layout_loops_ring,
          hangedman_abyss_or_decor_lesser_grid, uniq_azrael
Temple:   dshaligram_water_room_temple
Lair:1:   layout_loops_ring, grunt_megastairs_5, infiniplex_staircase_pool_2
Lair:2:   beast_lair_carwin_large_1, layout_misc_corridors,
          minmay_shoals_entry_hut, spider_nest_entry_web_field,
          gauntlet_entry_generic, grunt_megastairs_2
Lair:3:   layout_misc_corridors, special_room [special_room_bee],
          nicolae_lair_grove_arrangements
Lair:4:   layout_regular_city, nicolae_slime_entry_field_trip,
          lemuel_fruit_tree, uniq_rupert, uniq_nessos
Lair:5:   evilmike_catoblepas_cave, layout_small_grid, grunt_megastairs_1
Shoals:1: layout_shoals, ebering_ghost_xom
Shoals:2: cheibrodos_shoals_three_sisters, layout_shoals,
          nicolae_shoals_elemental_ambush
Shoals:3: layout_shoals, wheals_shoals_ruined_temple, uniq_louise, uniq_roxanne
Shoals:4: shoals_end_hangedman, layout_shoals, serial_shops,
          nicolae_shop_tiny_statue_garden, uniq_polyphemus, uniq_kirke
Spider:1: layout_chambers, uniq_donald
Spider:2: nicolae_spider_jumping_over_cracks [nicolae_spider_jumping_sub_offset,
          nicolae_spider_jumping_sub_lanes, nicolae_spider_jumping_sub_lanes,
          nicolae_spider_jumping_sub_rim], nicolae_crawler_farm, uniq_nikola,
          uniq_frances, uniq_arachne
Spider:3: layout_spider_delve
Spider:4: grunt_spider_rune_parallel, nicolae_spider_jagged_tunnels,
          uniq_asterion
Slime:1:  layout_caves, nicolae_slime_barrier
Slime:2:  layout_caves
Slime:3:  layout_caves, nicolae_slime_crime_time
Slime:4:  layout_caves
Slime:5:  slime_pit
Orc:1:    layout_caves, uniq_fannar
Orc:2:    st_orc_ogre_mass, layout_caves, nicolae_volcano_entry_lava_flow
Elf:1:    minmay_elf_arrival_circle, layout_geoelf_octagon, minmay_elf_sorcery
Elf:2:    nicolae_elf_blades_crystal_corner, layout_rooms, minivault_15
Elf:3:    elf_hall_gauntlet_wide, layout_rooms, serial_shops, shop
Vaults:1: nicolae_vaults_crenellated_ambush, v_alt_pattern_6, v_misc_19,
          v_alt_pattern_5, vaults_room_semicircle,
          nicolae_vaults_cornered_office, nicolae_vaults_more_shelving_1,
          grunt_vaults_focal, ontoclasm_vaults_misaligned, v_alt_pattern_6,
          v_pattern_1, v_misc_19, nicolae_vaults_big_angled_halls,
          ontoclasm_vaults_ring_square, layout_vaults_omnibox, serial_shops,
          nicolae_shop_pleasant_corner_grove
Vaults:2: biasface_ghost_orc_armoury, minmay_crypt_entry_simple_round,
          vaults_room_ringed_pool, hangedman_vaults_impose, v_misc_13,
          nicolae_vaults_yaktaur_gun_rack, nicolae_vaults_little_squares_3,
          grunt_vaults_hallway_short, vaults_room_door_ring,
          vaults_mumra_minichess_inversion, vaults_dpeg_ring,
          nicolae_vaults_little_squares_2, vaults_room_corners,
          layout_vaults_omnicross, serial_shops, shop, uniq_boris,
          uniq_saint_roka
Vaults:3: v_misc_5, hangedman_vaults_stream, st_octagons_1,
          hangedman_vaults_trim, v_misc_23, nicolae_vaults_house_2,
          vaults_room_semicircle, nicolae_vaults_trapezoid_4,
          layout_vaults_ring, serial_glass, uniq_zenata, uniq_bai_suzhen
Vaults:4: nicolae_vaults_wrenched, nicolae_vaults_tetromino_T_2,
          ontoclasm_vaults_claustrophobia, nicolae_vaults_steering_wheel,
          nicolae_vaults_theta, vaults_room_boxed, v_misc_5,
          vaults_dpeg_diagonal, nicolae_vaults_taking_the_gang_shopping,
          nicolae_vaults_network_barrier, nicolae_vaults_house_1,
          nicolae_vaults_little_squares_4, layout_vaults_maze, serial_shops,
          nicolae_shop_mannequins, uniq_margery
Vaults:5
Crypt:1:  layout_gridlike, minivault_5, uniq_sojobo
Crypt:2:  layout_misc_corridors, nicolae_elevator_lobby_asterisk
Crypt:3:  david_glass_crypt, layout_misc_corridors,
          tomb_entry_forgotten_bobbens, grunt_megastairs_4
Depths:1: layout_forbidden_donut, hangedman_tar_grid_catacomb, abyss_entry,
          chequers_serial_rivers_large_a, nicolae_tso_carved_into_rock,
          serial_bayou_shore_b
Depths:2: hangedman_hanging_gardens, layout_cave_pools, mu_enter_wizlab_2,
          pan_entry, hell_entry, serial_column_ruins, column_ruins_open_tiny,
          column_ruins_open_small_water, column_ruins_open_small,
          column_ruins_open_small, column_ruins_columns_plus, abyss_entry,
          infiniplex_staircase_door_maze, uniq_mara, uniq_aizul
Depths:3: four-leaf_vault, layout_honeycomb, abyss_entry,
          grunt_pan_entry_zigzag, hangedman_geh_valley, uniq_josephina
Depths:4: evilmike_zot_entry_diamond, layout_gridlike, enter_ziggurat_f,
          hell_entry, roderic_lattice_a
Hell
Zot:1:    layout_misc_corridors, nicolae_transmutations_shop,
          st_large_dragon_hoard_4
Zot:2:    layout_misc_corridors, uniq_parghit
Zot:3:    layout_misc_corridors, basic_altar
Zot:4:    layout_misc_corridors, grunt_megastairs_3
Zot:5:    layout_basic, guppyfry_library_mini

Skill      XL: |  1  2  3  4  5  6  7  8  9 10 11 12 13 14 15 16 17 18 19 20 21 22 23 24 25 26 27 |
---------------+----------------------------------------------------------------------------------+-----
Axes           | 3 4 6 7 8 11 13 16 18 21 | 21.1
Shields        | 4 5 6 25 | 25.4
Armour         | 4 5 7 8 10 12 13 14 17 19 20 22 23 25 26 27 | 27.0
Fighting       | 4 9 11 12 15 18 20 22 24 25 27 | 27.0
Dodging        | 5 9 14 17 20 22 | 22.0
Invocations    | 16 21 27 | 27.0
Translocations | 7 |  7.5
Evocations     | 14 | 14.4

Action                     |  1- 3 |  4- 6 |  7- 9 | 10-12 | 13-15 | 16-18 | 19-21 | 22-24 | 25-27 || total
---------------------------+-------+-------+-------+-------+-------+-------+-------+-------+-------++-------
  Melee: War axe           |   143 |   165 |   338 |   363 |    22 |       |       |       |       ||  1031
         Battleaxe         |       |       |       |    53 |   680 |  1033 |  1132 |  1080 |  1333 ||  5311
         Halberd           |       |       |       |       |    33 |     7 |       |       |       ||    40
         Labrys            |       |       |       |       |       |       |       |       |  2419 ||  2419
         Headbutt          |       |       |       |       |       |       |       |       |    23 ||    23
   Cast: Lesser Beckoning  |       |       |       |       |       |       |       |       |     8 ||     8
 Invoke: Upheaval          |       |       |       |       |       |     2 |       |       |    20 ||    22
         Elemental Force   |       |       |       |       |       |       |     1 |     1 |       ||     2
         Disaster Area     |       |       |       |       |       |       |       |     1 |     4 ||     5
  Evoke: Wand              |       |       |       |     4 |     4 |     1 |     3 |       |     7 ||    19
    Use: Scroll            |       |     2 |     9 |     7 |     5 |     8 |     5 |    10 |     8 ||    54
         Potion            |       |     1 |     1 |     3 |     3 |     3 |       |    24 |    13 ||    48
   Stab: Paralysed         |       |       |       |       |       |       |     2 |       |     3 ||     5
         Distracted        |       |       |       |       |       |       |     1 |       |     1 ||     2
         Invisible         |       |       |       |       |       |       |       |    11 |       ||    11
         Confused          |       |       |       |       |       |       |       |       |     1 ||     1
 Armour: Scale mail        |    43 |    20 |       |       |       |       |       |       |       ||    63
         Chain mail        |     8 |    48 |   178 |   147 |    73 |       |       |       |       ||   454
         Quicksilver drago |       |       |       |       |   139 |   396 |   415 |    56 |       ||  1006
         Pearl dragon scal |       |       |       |       |       |       |       |   434 |   973 ||  1407
  Dodge: Dodged            |   102 |   118 |   237 |   131 |   407 |   597 |   565 |   466 |  1327 ||  3950
         Repelled          |       |       |       |       |     3 |    14 |    12 |    13 |    88 ||   130
  Block: Buckler           |    46 |    25 |   136 |   213 |       |       |       |       |       ||   420
         Reflection        |       |       |     7 |    11 |     9 |    31 |    92 |    27 |    77 ||   254
         Other             |       |       |       |    38 |   414 |   538 |   629 |   529 |   583 ||  2731
         Tower shield      |       |       |       |       |       |       |       |       |  3228 ||  3228

Table legend: (Time is in decaauts)
 A = Elapsed time spent in this place.
 B = Non-inter-level travel time spent in this place.
 C = Inter-level travel time spent in this place.
 D = Time resting spent in this place.
 E = Time spent auto-exploring this place.
 F = Levels seen in this place.
 G = Mean time per level.
                   A        B        C        D        E       F      G
               +--------+--------+--------+--------+--------+-----+--------+
         Total |  76291 |  69221 |   7070 |   7435 |  45337 |  78 |  978.1 |
       Dungeon |  16785 |  14020 |   2765 |   1108 |  10073 |  15 | 1119.0 |
        Temple |     69 |     53 |     16 |      0 |      0 |   1 |   69.0 |
          Lair |   5706 |   4904 |    802 |    518 |   3462 |   5 | 1141.2 |
        Shoals |   5839 |   5633 |    206 |    738 |   3868 |   4 | 1459.8 |
   Spider Nest |   6280 |   6003 |    277 |   1393 |   3577 |   4 | 1570.0 |
    Slime Pits |   2094 |   1895 |    199 |    353 |    943 |   5 |  418.8 |
  Orcish Mines |   1906 |   1425 |    481 |    145 |    972 |   2 |  953.0 |
   Elven Halls |   3868 |   3625 |    243 |    528 |   2207 |   3 | 1289.3 |
        Vaults |   9054 |   8384 |    670 |    578 |   6290 |   5 | 1810.8 |
         Crypt |   2284 |   2080 |    204 |     45 |   1483 |   3 |  761.3 |
        Depths |   6463 |   5761 |    702 |    787 |   3983 |   4 | 1615.8 |
          Hell |    616 |    591 |     25 |      0 |    351 |   1 |  616.0 |
           Zot |   6541 |   6067 |    474 |    478 |   3961 |   5 | 1308.2 |
         Abyss |   1339 |   1339 |      0 |     35 |     53 |   8 |  167.4 |
   Pandemonium |   5329 |   5329 |      0 |    352 |   2836 |  10 |  532.9 |
        Bailey |    324 |    324 |      0 |    122 |     86 |   1 |  324.0 |
        Wizlab |    886 |    886 |      0 |    253 |    474 |   1 |  886.0 |
      Gauntlet |    900 |    900 |      0 |      0 |    714 |   1 |  900.0 |
               +--------+--------+--------+--------+--------+-----+--------+

Top non-repeatable levels by time:
Spider:1: 2336 daAuts
Depths:4: 2239 daAuts
Vaults:2: 2233 daAuts
Depths:3: 2064 daAuts
Vaults:1: 1943 daAuts
   Zot:5: 1915 daAuts
    D:11: 1851 daAuts
   Zot:1: 1796 daAuts
Shoals:4: 1779 daAuts
Vaults:4: 1650 daAuts
Vaults:3: 1621 daAuts
Vaults:5: 1604 daAuts
   Elf:1: 1541 daAuts
     D:4: 1519 daAuts
Spider:3: 1449 daAuts
